 Dungeon Crawl Stone Soup version 0.27.0-1-g7a089689b8 (webtiles) character file.

Game seed: 12169394548766700355

82852 Brandom the Spry (level 15, -2/127 HPs)
             Began as a Merfolk Wanderer on Aug 11, 2021.
             Was a Follower of Ashenzari.
             Slain by an alligator snapping turtle (39 damage)
             ... on level 3 of the Shoals.
             The game lasted 01:07:14 (19631 turns).

Brandom the Spry (Merfolk Wanderer)                Turns: 19631, Time: 01:07:15

Health: -2/127     AC: 12    Str: 18    XL:     15   Next: 75%
Magic:  15/15      EV: 36    Int: 12    God:    Ashenzari [*.....]
Gold:   2439       SH: 14    Dex: 28    Spells: 14/14 levels left

rFire    . . .     SeeInvis .   I - +3 trident (flame)
rCold    . . .     Faith    .   M - +0 kite shield of the Pangnostic Stars {Self, Cun} (curse)
rNeg     . . .     Spirit   .   r - +3 leather armour of the Game of Life {Dex+4 Slay+3}
rPois    .         Reflect  .   N - +0 helmet
rElec    .         Harm     .   p - +0 cloak of Supernal Wisdom {Cun, Fort} (curse)
rCorr    .         Rampage  .   C - +0 pair of gloves
Will     ++...                  (boots currently unavailable)
Stlth    ++++......             e - amulet of regeneration
HPRegen  1.31/turn              G - ring of willpower
MPRegen  0.14/turn              D - +6 ring of dexterity

@: very quick
A: nimble swimmer 2, mertail, agile 2
a: Renounce Religion, Shatter the Chains


You were on level 3 of the Shoals.
You worshipped Ashenzari.
Ashenzari was aware of your devotion.
You visited 3 branches of the dungeon, and saw 19 of its levels.
You also visited: Ossuary.

You collected 2559 gold pieces.
You spent 120 gold pieces at shops.

Inventory:

Hand Weapons
 I - a +3 trident of flaming (weapon)
   (You took it off a gnoll sergeant on level 7 of the Dungeon)
Missiles
 s - 21 boomerangs (quivered)
 J - 4 throwing nets {!f}
 K - 2 javelins
Armour
 o - a +0 chain mail
   (You found it on level 4 of the Dungeon)
 p - the cursed +0 cloak of Supernal Wisdom (worn) {Cun, Fort}
   (You found it on level 4 of the Dungeon)

   It has a curse which improves the following skills: Cunning: Dodging and
   Stealth.
   Fortitude: Armour and Shields.
 r - the +3 leather armour of the Game of Life (worn) {Dex+4 Slay+3}
   (You found it on level 5 of the Dungeon)

   Dex:       It affects your dexterity (+4).
   Slay:      It affects your accuracy & damage with ranged weapons and melee
   (+3).
 C - a +0 pair of gloves (worn)
   (You found it on level 8 of the Dungeon)
 M - the cursed +0 kite shield of the Pangnostic Stars (worn) {Self, Cun}
   (You found it on level 9 of the Dungeon)

   It has a curse which improves the following skills: Introspection: Fighting
   and Spellcasting.
   Cunning:   Dodging and Stealth.
 N - a +0 helmet (worn)
   (You found it on level 2 of the Lair of Beasts)
 P - the +0 ring mail of Delicate Freedom {rPois}
   (You found it on level 2 of the Lair of Beasts)

   rPois:     It protects you from poison.
 T - a +0 ring mail
 W - a +0 pair of boots (melded)
   (You found it on level 6 of the Lair of Beasts)
Jewellery
 c - the ring "Liotz" {Ice Str+3 SInv Stlth+}
   (You found it on level 3 of the Shoals)

   [ring of ice]

   It enhances your ice magic.
   Str:       It affects your strength (+3).
   rF:        It makes you vulnerable to fire.
   rC:        It protects you from cold.
   SInv:      It lets you see invisible.
   Stlth:     It makes you more stealthy.
 e - an amulet of regeneration (around neck)
   (You found it on level 4 of the Dungeon)
 j - a +6 ring of strength
   (You found it on level 3 of the Shoals)
 v - a ring of magical power
   (You found it on level 5 of the Dungeon)
 D - a +6 ring of dexterity (right hand)
   (You found it on level 1 of the Lair of Beasts)
 G - a ring of willpower (left hand)
   (You found it in an ossuary)
 L - a ring of flight
   (You found it on level 9 of the Dungeon)
 R - an amulet of guardian spirit
   (You found it on level 3 of the Lair of Beasts)
 V - a +6 ring of intelligence
   (You found it on level 6 of the Lair of Beasts)
 X - a ring of wizardry
   (You found it on level 2 of the Shoals)
Wands
 d - a wand of iceblast (10)
   (You found it on level 4 of the Lair of Beasts)
 t - a wand of flame (12)
   (You found it on level 6 of the Dungeon)
 u - a wand of paralysis (7)
   (You found it on level 3 of the Shoals)
 x - a wand of acid (18)
   (You found it on level 3 of the Dungeon)
 Z - a wand of polymorph (9)
   (You found it on level 3 of the Shoals)
Scrolls
 b - 5 scrolls of fear
 f - 9 scrolls of teleportation {@r4}
 g - 3 scrolls of torment {!r}
 h - 7 scrolls of immolation {!r}
 i - 7 scrolls of brand weapon
 m - 6 scrolls of vulnerability {!r}
 n - 2 scrolls of enchant weapon
 q - a scroll of enchant armour
 y - 2 scrolls of silence
 B - a scroll of summoning
 F - 3 scrolls of magic mapping
 Q - a scroll of blinking
 U - 2 scrolls of fog
Potions
 a - 4 potions of magic
 k - 2 potions of haste {@q3}
 l - 4 potions of attraction {!q}
 w - 6 potions of cancellation
 z - a potion of might
 A - a potion of resistance
 E - 2 potions of flight
 H - 3 potions of brilliance
 O - 2 potions of curing {@q1}
 S - 4 potions of ambrosia
 Y - a potion of heal wounds {@q2}


   Skills:
 + Level 14.0(14.8) Fighting
 - Level 1.1 Long Blades
 - Level 14.0 Polearms
 + Level 3.1 Throwing
 + Level 10.2(11.1) Armour
 + Level 15.9(17.1) Dodging
 - Level 2.1(3.4) Stealth
 + Level 12.7(13.5) Shields


You had 14 spell levels left.
You didn't know any spells.
Your spell library contained the following spells:

 Spells                   Type           Power      Damage    Failure   Level
 Animate Skeleton         Necr           0%         N/A       41%         1
 Apportation              Tloc           0%         N/A       41%         1
 Corona                   Hex            0%         N/A       41%         1
 Shock                    Conj/Air       0%         1d3       41%         1
 Summon Small Mammal      Summ           0%         N/A       41%         1
 Corpse Rot               Necr/Air       N/A        N/A       56%         2
 Static Discharge         Conj/Air       0%         N/A       56%         2
 Frozen Ramparts          Ice            0%         1d2       80%         3
 Gell's Gravitas          Tloc           0%         N/A       80%         3
 Ignite Poison            Fire/Tmut/Pois 0%         N/A       80%         3
 Mephitic Cloud           Conj/Pois/Air  0%         N/A       80%         3
 Swiftness                Air            0%         N/A       80%         3
 Teleport Other           Tloc           0%         N/A       80%         3
 Tukima's Dance           Hex            0%         N/A       80%         3
 Airstrike                Air            0%         N/A       99%         4
 Dispel Undead            Necr           0%         3d6       99%         4
 Ice Form                 Ice/Tmut       0%         N/A       99%         4
 Leda's Liquefaction      Hex/Erth       0%         N/A       99%         4
 Passage of Golubria      Tloc           N/A        N/A       99%         4
 Sticky Flame             Conj/Fire      0%         2d3       99%         4
 Summon Ice Beast         Ice/Summ       0%         N/A       99%         4
 Summon Lightning Spire   Summ/Air       0%         N/A       99%         4
 Bolt of Magma            Conj/Fire/Erth 0%         4d4       100%        5
 Freezing Cloud           Conj/Ice/Air   0%         6-21      100%        5
 Yara's Violent Unravell  Hex/Tmut       0%         3d3       100%        5
 Death Channel            Necr           0%         N/A       100%        6
 Dispersal                Tloc           0%         N/A       100%        6
 Simulacrum               Ice/Necr       0%         N/A       100%        6
 Statue Form              Tmut/Erth      0%         N/A       100%        6
 Storm Form               Tmut/Air       0%         N/A       100%        7
 Maxwell's Capacitive Co  Air            0%         ∞         100%        8
 Polar Vortex             Ice            0%         N/A       100%        9


Dungeon Overview and Level Annotations

Branches:
Dungeon (10/15)            Temple (0/1) D:7            Lair (6/6) D:9
 Shoals (3/4) Lair:2       Spider (0/4) Lair:4        Slime (0/5) Lair:5
Ossuary (visited)
    Orc: D:9-12

Altars:
Ashenzari
Nemelex Xobeh
Jiyva

Shops:
Shoals:1 =   Shoals:2 (=*


Innate Abilities, Weirdness & Mutations

You are quick and stealthy near water. (Stealth+, EV+, Speed+++)
Your lower body shifts to a powerful aquatic tail in water.
You are very agile. (Dex +4)


Message History

The bolt of acid hits the alligator snapping turtle.
The alligator snapping turtle is splashed with acid.
The acid corrodes the alligator snapping turtle!
You are too injured to fight recklessly!
Reach: I) +3 trident (flame)
Aim: an alligator snapping turtle (severely wounded, covered in acid, about 5% to evade your +3 trident of flaming)
You reach to attack!
You hit the alligator snapping turtle. You burn the alligator snapping turtle.
Reach: I) +3 trident (flame)
Aim: an alligator snapping turtle (severely wounded, covered in acid, about 5% to evade your +3 trident of flaming)
You reach to attack!
You hit the alligator snapping turtle but do no damage.
The alligator snapping turtle completely misses you.
Reach: I) +3 trident (flame)
Aim: an alligator snapping turtle (severely wounded, covered in acid, about 5% to evade your +3 trident of flaming)
You reach to attack!
You hit the alligator snapping turtle. You burn the alligator snapping turtle.
Reach: I) +3 trident (flame)
Aim: an alligator snapping turtle (severely wounded, covered in acid, about 5% to evade your +3 trident of flaming)
You reach to attack!
You hit the alligator snapping turtle. You burn the alligator snapping turtle.
The alligator snapping turtle completely misses you.
Reach: I) +3 trident (flame)
Aim: an alligator snapping turtle (severely wounded, covered in acid, about 5% to evade your +3 trident of flaming)
You reach to attack!
You hit the alligator snapping turtle but do no damage.
The alligator snapping turtle completely misses you.
Reach: I) +3 trident (flame)
Aim: an alligator snapping turtle (severely wounded, covered in acid, about 5% to evade your +3 trident of flaming)
You reach to attack!
You puncture the alligator snapping turtle!
You burn the alligator snapping turtle.
Reach: I) +3 trident (flame)
Aim: an alligator snapping turtle (almost dead, covered in acid, about 5% to evade your +3 trident of flaming)
You reach to attack!
You hit the alligator snapping turtle but do no damage.
Reach: I) +3 trident (flame)
Aim: an alligator snapping turtle (almost dead, covered in acid, about 5% to evade your +3 trident of flaming)
You reach to attack!
You hit the alligator snapping turtle but do no damage.
The alligator snapping turtle bites you from afar!!
* * * LOW HITPOINT WARNING * * *
You feel better.
You block the alligator snapping turtle's attack.
Throw: 21 boomerangs
Aim: an alligator snapping turtle (almost dead, covered in acid, 95% to hit)
You throw a boomerang.
The boomerang hits the alligator snapping turtle but does no damage.
The alligator snapping turtle bites you from afar!!!
You die...

≈≈≈≈≈≈≈≈≈≈≈≈≈≈≈≈≈≈≈≈≈..≈≈≈≈......
≈≈≈≈≈≈≈≈≈≈≈≈≈≈≈≈≈≈....≈≈.≈≈≈.....
≈≈≈≈≈≈†≈≈≈≈≈≈≈≈≈≈≈...≈≈≈≈≈≈≈#....
≈≈≈≈≈≈≈≈≈≈≈≈≈≈≈≈≈....≈≈...≈.#....
.P≈P≈≈≈≈≈≈≈≈≈≈≈≈..##.............
#..≈≈≈≈≈≈≈≈≈≈≈≈≈..###.......<....
...≈≈≈≈≈≈≈≈≈≈≈≈≈≈.# #.......#....
≈P.≈P≈≈≈≈≈≈≈≈≈≈≈≈≈###....≈≈≈#....
.P.PPP≈P≈≈≈≈≈≈≈≈@≈t....≈≈≈≈≈≈≈≈..
.PP.≈≈≈≈≈≈≈≈≈.≈≈.≈....≈≈≈≈≈≈≈≈≈≈≈
....≈P≈P≈≈≈≈≈≈≈≈≈≈≈..≈≈≈≈≈≈≈≈≈≈≈≈
#.).≈≈≈≈≈≈≈≈≈≈≈≈≈≈...≈≈≈≈≈≈≈≈≈≈≈≈
##.)).≈≈P≈...≈≈≈.....≈≈≈≈≈≈≈≈≈≈≈≈
###..≈≈≈.............≈≈≈≈.≈≈≈≈.≈≈
# #..≈....##.........≈....≈≈≈≈...
###..≈....###........≈..##≈≈≈≈##.
.)..≈≈......≈≈.........###≈≈≈≈# #


You could see an alligator snapping turtle (corroded).

Vanquished Creatures
  Nikola (Shoals:1)
  A fire dragon (Lair:6)
  A merfolk impaler (Shoals:2)
  Harold (D:8)
  9 hydras
  A merfolk avatar (Shoals:1)
  A merfolk aquamancer (Shoals:2)
  A catoblepas (Lair:4)
  2 alligators
  A satyr (Shoals:3)
  A two-headed ogre (D:8)
  7 death yaks
  6 sea snakes
  A lindwurm (Lair:6)
  6 harpies
  6 fauns
  2 oklob plants (Lair:3)
  A cyclops (Shoals:1)
  5 manticores
  8 merfolk sirens
  4 black mambas
  Maurice (D:8)
  12 elephants
  A water nymph (Shoals:1)
  2 molten gargoyles (Lair:6)
  18 cane toads
  A kobold demonologist (D:9)
  4 rime drakes
  15 komodo dragons
  A queen bee (Lair:3)
  3 jumping spiders
  12 merfolk
  A troll (D:9)
  6 wind drakes
  3 polar bears
  11 dream sheep
  11 blink frogs
  6 snapping turtles
  A wraith (D:10)
  11 wyverns
  A water elemental (Shoals:2)
  3 redbacks (Lair:4)
  8 basilisks
  51 yaks
  7 steam dragons
  22 water moccasins
  4 hell hounds (Lair:6)
  3 black bears
  4 orc warriors
  An ice beast (D:6)
  A necrophage (D:6)
  A hornet zombie (D:8)
  2 ogres
  22 wolves
  6 centaurs
  Blork the orc (D:6)
  7 bullfrogs
  A gnoll sergeant (D:7)
  3 wyvern zombies
  A scorpion (D:4)
  A water moccasin zombie (Ossuary)
  15 killer bees
  5 wights (D:9)
  An electric eel (Lair:6)
  A howler monkey (D:9)
  5 lava snakes (Lair:6)
  7 centaur zombies
  4 bullfrog zombies (Ossuary)
  5 hounds
  3 jellies
  2 orc priests
  A gnoll shaman (D:9)
  14 mummies (Ossuary)
  4 iguanas
  10 orc wizards
  Terence (D:2)
  3 killer bee zombies (Ossuary)
  8 gnolls
  5 adders
  2 white imps
  19 orcs
  3 ball pythons
  8 endoplasms
  4 giant cockroaches
  8 hobgoblins
  2 jackals (D:2)
  7 kobolds
  4 quokkas
  8 bats
  6 goblins
  A quokka zombie (D:8)
  4 rats
  A rat zombie (D:8)
507 creatures vanquished.

Vanquished Creatures (others)
  A bush (D:9)
  31 fungi
  74 plants
  8 withered plants (Ossuary)
114 creatures vanquished.

Grand Total: 621 creatures vanquished

Notes
Turn   | Place    | Note
-------+----------+-------------------------------------------
     0 | D:1      | Brandom the Merfolk Wanderer began the quest for the Orb.
     0 | D:1      | Brandom set off with the following items: a +2 dagger, a
                  | scroll of fear, a +0 falchion, a +0 ring mail
     0 | D:1      | Reached XP level 1. HP: 18/18 MP: 1/1
   339 | D:1      | Reached XP level 2. HP: 24/24 MP: 2/2
   550 | D:1      | Found a faded altar of an unknown god.
   560 | D:1      | Became a worshipper of Ashenzari the Shackled
   664 | D:1      | Reached skill level 2 in Dodging
  1009 | D:2      | Reached XP level 3. HP: 29/29 MP: 3/3
  1258 | D:2      | Noticed Terence
  1540 | D:2      | Killed Terence
  1654 | D:2      | Reached XP level 4. HP: 35/37 MP: 4/4
  2658 | D:4      | Found a sparkling altar of Nemelex Xobeh.
  2658 | D:4      | Noticed a scorpion
  2663 | D:4      | Killed a scorpion
  2664 | D:4      | Reached skill level 3 in Dodging
  2664 | D:4      | Reached XP level 5. HP: 34/42 MP: 5/5
  3327 | D:4      | Reached XP level 6. HP: 49/49 MP: 6/6
  3350 | D:5      | Entered Level 5 of the Dungeon
  3492 | D:5      | Reached skill level 4 in Dodging
  3707 | D:5      | Noticed a black bear
  3718 | D:5      | Killed a black bear
  3719 | D:5      | Reached skill level 5 in Fighting
  3719 | D:5      | Reached XP level 7. HP: 20/56 MP: 7/7
  3755 | D:5      | Identified the +3 leather armour of the Game of Life {Dex+4
                  | Slay+3}
  3913 | D:5      | Identified a scroll of acquirement
  4071 | D:5      | Acquired 996 gold pieces
  4119 | D:6      | Noticed Blork the orc
  4127 | D:6      | Killed Blork the orc
  4128 | D:6      | Reached skill level 5 in Dodging
  4274 | D:6      | Reached XP level 8. HP: 53/64 MP: 8/8
  4354 | D:6      | Reached skill level 6 in Dodging
  4823 | D:7      | Noticed a wyvern
  4830 | D:7      | Killed a wyvern
  4831 | D:7      | Reached skill level 5 in Shields
  4903 | D:7      | Reached skill level 7 in Dodging
  4932 | D:7      | Gained mutation: You are agile. (Dex +2) [potion of
                  | mutation]
  4932 | D:7      | Gained mutation: You are very agile. (Dex +4) [potion of
                  | mutation]
  4970 | D:7      | Found a staircase to the Ecumenical Temple.
  5080 | D:7      | Reached XP level 9. HP: 44/72 MP: 9/9
  5494 | D:8      | Found a sand-covered staircase.
  5501 | Ossuary  | Entered an ossuary
  5537 | Ossuary  | Reached skill level 8 in Dodging
  5610 | Ossuary  | Reached skill level 5 in Armour
  6001 | D:8      | Noticed a two-headed ogre
  6020 | D:8      | HP: 2/74 [two-headed ogre (30)]
  6048 | D:8      | Killed a two-headed ogre
  6049 | D:8      | Reached skill level 9 in Dodging
  6049 | D:8      | Reached XP level 10. HP: 17/82 MP: 10/10
  6232 | D:8      | Noticed Maurice
  6263 | D:8      | Killed Maurice
  6570 | D:8      | Reached skill level 1 in Polearms
  6678 | D:9      | Reached skill level 10 in Dodging
  6941 | D:9      | Reached XP level 11. HP: 47/89 MP: 11/11
  6984 | D:9      | Found a staircase to the Lair.
  7005 | D:9      | Noticed a sun demon
  7093 | D:9      | Identified the +8 spear of Freehold {vorpal, Int+5}
  7336 | D:9      | Reached skill level 5 in Polearms
  7352 | D:9      | Noticed Harold
  7549 | D:8      | Killed Harold
  7943 | D:10     | Entered Level 10 of the Dungeon
  7965 | D:10     | Reached skill level 11 in Dodging
  8074 | D:10     | Reached skill level 10 in Fighting
  8784 | Lair:1   | Entered Level 1 of the Lair of Beasts
  8827 | Lair:1   | Noticed a five-headed hydra
  8892 | Lair:1   | Killed a five-headed hydra
  8893 | Lair:1   | Reached XP level 12. HP: 37/98 MP: 12/12
  9076 | Lair:1   | Noticed a five-headed hydra
  9083 | Lair:1   | Killed a five-headed hydra
  9309 | Lair:1   | Reached skill level 10 in Polearms
  9777 | Lair:2   | Found a staircase to the Shoals.
  9820 | Lair:2   | Reached skill level 12 in Dodging
  9961 | Lair:2   | Noticed a seven-headed hydra
  9971 | Lair:2   | Killed a seven-headed hydra
 10652 | Lair:2   | Identified the +0 ring mail of Delicate Freedom {rPois}
 11381 | Lair:3   | Reached XP level 13. HP: 105/106 MP: 13/13
 11388 | Lair:3   | Reached skill level 10 in Shields
 12252 | Lair:4   | Found a hole to the Spider Nest.
 12391 | Lair:4   | Reached skill level 13 in Dodging
 13824 | Lair:5   | Found a viscous altar of Jiyva.
 13825 | Lair:5   | Found a staircase to the Slime Pits.
 14142 | Lair:5   | Reached XP level 14. HP: 85/115 MP: 14/14
 14618 | Lair:6   | Entered Level 6 of the Lair of Beasts
 14817 | Lair:5   | Reached skill level 14 in Dodging
 16051 | Lair:6   | Found a large runed translucent door.
 16051 | Lair:6   | Found a large runed translucent door.
 16514 | Shoals:1 | Entered Level 1 of the Shoals
 16698 | Shoals:1 | Noticed Nikola
 16724 | Shoals:1 | Killed Nikola
 16725 | Shoals:1 | Reached skill level 15 in Dodging
 16725 | Shoals:1 | Reached XP level 15. HP: 125/125 MP: 15/15
 16940 | Shoals:1 | Found Sidieckowko's Jewellery Boutique.
 17505 | Shoals:2 | Found Bezxahom's General Store.
 17528 | Shoals:2 | Bought a scroll of enchant weapon for 120 gold pieces
 17562 | Shoals:2 | Found Reosham's Jewellery Shoppe.
 17609 | Shoals:2 | Found Nizxid's Antique Weapon Shoppe.
 17892 | Shoals:2 | Reached skill level 1 in Throwing
 17964 | Shoals:2 | Reached skill level 10 in Armour
 18645 | Shoals:3 | Reached * piety under Ashenzari
 18841 | Shoals:3 | Identified the ring "Liotz" {Ice Str+3 SInv Stlth+}
 19631 | Shoals:3 | Slain by an alligator snapping turtle

Illustrated notes

Levels and vault maps discovered:
D:1:      minmay_arrival_four_loops, layout_loops_ring,
          chequers_ecumenical_altar_simple_redux, lemuel_old_faithful
D:2:      layout_loops_cross, uniq_terence
D:3:      layout_loops_cross, minmay_misc_feat_tower, grunt_ministairs_6
D:4:      layout_gridville, mainiacjoe_overflow_tiny_flanked
D:5:      layout_gridville
D:6:      layout_basic, uniq_blork_the_orc
D:7:      layout_rooms, minmay_temple_entry_gardened_gates
D:8:      layout_basic, enter_ossuary_4, eino_small_chamber_without_monster,
          minmay_bent, uniq_maurice
D:9:      layout_cave_pools, minmay_lair_entry_grove,
          hellmonk_bongcloud_opening, grunt_ministairs_5, uniq_harold
D:10:     layout_loops_cross
Lair:1:   layout_roguey, bh_autumn_forest_stairs, lemuel_fruit_tree,
          grunt_megastairs_3
Lair:2:   layout_cave_pods, shoals_dummy_entry
Lair:3:   dpeg_oklob_gauntlet, layout_gridlike, special_room [special_room_bee],
          grunt_megastairs_2
Lair:4:   layout_long_grid, nicolae_spider_entry_tight_spaces, minmay_hedge_maze
Lair:5:   layout_cave_pods, slime_altar_1
Lair:6:   cheibrodos_lair_end_hotspot, layout_regular_city, serial_bayou_shore_a
Shoals:1: layout_shoals, serial_shops, shop, uniq_nikola
Shoals:2: layout_shoals, serial_shops, shop, shop, shop
Shoals:3: layout_shoals, nicolae_shoals_goliath_grotto

Skill      XL: |  1  2  3  4  5  6  7  8  9 10 11 12 13 14 15 |
---------------+----------------------------------------------+-----
Dodging        | 2 3 4 5 7 9 10 11 12 13 15 | 15.9
Armour         | 2 3 4 5 6 7 8 9 10 | 10.2
Shields        | 2 3 4 5 7 8 9 10 12 | 12.7
Fighting       | 4 5 7 8 9 10 11 12 13 14 | 14.0
Polearms       | 4 8 11 14 | 14.0
Throwing       | 3 |  3.1
Long Blades    | |  1.1
Stealth        | |  2.1

Action                   |  1- 3 |  4- 6 |  7- 9 | 10-12 | 13-15 || total
-------------------------+-------+-------+-------+-------+-------++-------
Melee: Dagger            |    79 |       |       |       |       ||    79
       Hand axe          |    26 |    96 |   272 |    34 |       ||   428
       Tailslap          |       |       |     9 |       |    51 ||    60
       Trident           |       |       |       |   717 |  1495 ||  2212
Throw: Boomerang         |       |       |       |       |   114 ||   114
Invok: Curse Item        |       |       |       |       |     2 ||     2
Evoke: Wand              |       |       |       |       |     7 ||     7
  Use: Scroll            |       |       |     1 |       |     2 ||     3
       Potion            |       |       |     1 |     6 |     6 ||    13
 Stab: Sleeping          |     6 |       |     5 |    10 |    11 ||    32
       Distracted        |       |       |     1 |       |     3 ||     4
Armor: Ring mail         |    43 |    39 |       |       |       ||    82
       Leather armour    |       |       |    88 |   125 |   148 ||   361
Dodge: Dodged            |    54 |    84 |   289 |   600 |   911 ||  1938
Block: Kite shield       |       |       |       |   321 |   746 ||  1067
